 Dungeon Crawl Stone Soup version 0.18.1-5-g4a78601 (webtiles) character file.

229 inmateoo the Cudgeler (level 6, -1/57 HPs)
             Began as a Gargoyle Gladiator on May 11, 2016.
             Slain by a kobold
             ... wielding a +2 dagger of electrocution
              (20 damage)
             ... on level 3 of the Dungeon.
             The game lasted 00:05:30 (2994 turns).

inmateoo the Cudgeler (Gargoyle Gladiator)          Turns: 2994, Time: 00:05:31

Health: -1/57      AC: 23    Str: 18 (20) XL:     6   Next: 3%
Magic:  6/6        EV:  2    Int:  8 (9)  God:
Gold:   127        SH:  0    Dex:  7 (10) Spells: 0 memorised, 5 levels left

rFire  . . .     SeeInvis .     a - +0 flail
rCold  . . .     Gourm    .     (armour currently unavailable)
rNeg   + + +     Faith    .     (no shield)
rPois  ∞         Spirit   .     (helmet currently unavailable)
rElec  .         Dismiss  .     (cloak currently unavailable)
rCorr  .         Reflect  .     (gloves currently unavailable)
SustAt .         Harm     .     (boots currently unavailable)
MR     .....     NoTele   +     (no amulet)
Stlth  +.........               (no ring)
                                (no ring)

@: tree-form, not resistant to hostile enchantments, very unstealthy
A: negative energy resistance 1, (electricity resistance), (unbreathing),
petrification resistance, rot immunity, AC +4
a: no special abilities


You were on level 3 of the Dungeon.
You were hungry.
You were a tree.
You visited 1 branch of the dungeon, and saw 3 of its levels.

You collected 127 gold pieces.

Inventory:

Hand Weapons
 a - a +0 flail (weapon)
Missiles
 d - 3 throwing nets (quivered)
Armour
 m - a +0 helmet (melded)
 t - a +0 ring mail (melded)
Wands
 n - a wand of flame (7/48)
Scrolls
 c - a scroll of fog {unknown}
 i - 2 scrolls of identify {unknown}
 j - a scroll of amnesia {unknown}
 k - a scroll of enchant weapon {unknown}
 o - a scroll of noise {unknown}
 p - a scroll of teleportation {unknown}
 q - a scroll of enchant armour {unknown}
 r - 2 scrolls of remove curse {unknown}
 u - a scroll of magic mapping {unknown}
Potions
 e - a potion of flight
 l - a potion of lignification
Comestibles
 f - 3 bread rations
 h - 2 meat rations
 s - a slice of pizza


   Skills:
 + Level 3.7 Fighting
 * Level 5.2 Maces & Flails
 - Level 1.7 Throwing
 + Level 2.5 Armour
 - Level 2.4 Dodging


You had 5 spell levels left.
You didn't know any spells.

Dungeon Overview and Level Annotations

Branches:
Dungeon (3/15)

Altars:
Elyvilon


Innate Abilities, Weirdness & Mutations

You are resistant to torment.
((Your stone body is resilient (AC +4).))
You are immune to poison.
You resist negative energy.
((You are resistant to electric shocks.))
((You can survive without breathing.))
You are immune to petrification.
You are immune to rotting.


Message History

There was something very wrong with that liquid.
You feel weakened.
You feel dopey.
You feel clumsy.
The orc wizard mumbles some strange words.
The orc wizard flickers and vanishes!
Deactivating autopickup; reactivate with Ctrl-A.
The orc priest closely misses you.
Drink which item? (? for menu, Esc to quit)
You turn into a tree.
Your +0 helmet melds into your body.
Your +0 ring mail melds into your body.
Your roots penetrate the ground.
The orc priest barely misses you.
Unknown command.
You hit the orc priest.
The orc priest is moderately wounded.
The kobold hits you but does no damage.
The orc priest hits you but does no damage.
You hit the orc priest.
The orc priest is heavily wounded.
The kobold hits you with a dagger of electrocution.
You are electrocuted!
You die...

#.# #..##.#.#..####.# #.#
#..####.#..# #.#
##.####.#####..####.#..#
#.#
#.....)...........#.#..#
#.#
#.###.#.#...##..##.#.#..#
.# # #[o.#.##..##.#.#..#
.# #####{##..##......#
#.#o#..##...##.####.#
#.###♣K.........<....# #.
#..#####..######### ....
# #.#.#####..# #...
............# #...
#.#.#.#####.##########
#... #. ..# #...........
#..K # ### ###########.
#... ## ####...#####g#.


You could see an orc priest and a kobold.

Vanquished Creatures
  Ijyb (D:2)
  Natasha (thrice) (D:2)
  Robin (D:2)
  4 adders
  A shadow imp (D:2)
  2 worms
  2 dart slugs
  3 giant geckos
  An orc (D:3)
  A giant cockroach (D:2)
  13 goblins
  10 hobgoblins
  6 bats
  2 giant newts
  4 kobolds
  18 rats
72 creatures vanquished.

Notes
Turn   | Place    | Note
--------------------------------------------------------------
     0 | D:1      | inmateoo the Gargoyle Gladiator began the quest for the Orb.
     0 | D:1      | Reached XP level 1. HP: 12/12 MP: 1/1
    23 | D:1      | Reached XP level 2. HP: 13/18 MP: 2/2
   458 | D:1      | Reached XP level 3. HP: 22/22 MP: 3/3
   825 | D:2      | Noticed Ijyb
   836 | D:2      | Killed Ijyb
   836 | D:2      | Reached skill level 4 in Maces & Flails
   836 | D:2      | Reached skill level 1 in Armour
   916 | D:2      | Reached XP level 4. HP: 27/27 MP: 4/4
   965 | D:2      | Noticed Robin
  1015 | D:2      | Killed Robin
  1575 | D:2      | Reached XP level 5. HP: 19/32 MP: 5/5
  1780 | D:2      | Noticed Natasha
  1788 | D:2      | Killed Natasha
  1818 | D:2      | Noticed Natasha
  1830 | D:2      | Killed Natasha
  1847 | D:2      | Noticed Natasha
  1866 | D:2      | Killed Natasha
  1866 | D:2      | Reached skill level 5 in Maces & Flails
  2235 | D:2      | Found a white marble altar of Elyvilon.
  2966 | D:3      | Reached XP level 6. HP: 34/38 MP: 6/6
  2994 | D:3      | Slain by a kobold

Skill      XL: |  1  2  3  4  5 |
---------------+----------------+-----
Maces & Flails | 4 5 |  5.2
Armour         | 1 2 |  2.5
Fighting       | 3 |  3.7
Throwing       | |  1.7
Dodging        | |  2.4

Action                   |  1- 3 |  4- 6 || total
-------------------------+-------+-------++-------
Melee: Flail             |   111 |   167 ||   278
Evoke: Wand              |       |     7 ||     7
  Use: Potion            |       |     5 ||     5
  Eat: Chunk             |       |     5 ||     5
       Beef jerky        |       |     1 ||     1
Armor: Leather armour    |    39 |    44 ||    83
       Ring mail         |       |    21 ||    21
       Skin              |       |    16 ||    16
Dodge: Dodged            |    71 |   100 ||   171
